 Dungeon Crawl Stone Soup version 0.24.1-1-gd1d2a07e1b (webtiles) character file.

Game seed: 17745239753127542074, levelgen mode: deterministic

2835 Descartes the Covert (level 9, -4/42 HPs)
             Began as a Felid Monk on Apr 10, 2020.
             Killed by the air
             ... invoked by Gastronok
              (42 damage)
             ... on level 9 of the Dungeon.
             The game lasted 00:23:41 (13141 turns).

Descartes the Covert (Felid Monk)                  Turns: 13141, Time: 00:23:42

Health: -4/42      AC:  2    Str: 10    XL:     9   Next: 45%
Magic:  10/10      EV: 30    Int: 12    God:
Gold:   444        SH:  4    Dex: 28    Spells: 8/8 levels left
                                        Lives:  0   Deaths: 2

rFire    . . .     SeeInvis +     - Unarmed
rCold    . . .     Gourm    .   (shield unavailable)
rNeg     . . .     Faith    .   (armour unavailable)
rPois    .         Spirit   .   (helmet unavailable)
rElec    .         Reflect  +   (cloak unavailable)
rCorr    .         Harm     .   (gloves unavailable)
MR       +....                  (boots unavailable)
Stlth    ++++++....             r - +4 amulet of reflection
HPRegen  0.14/turn              o - +4 ring of dexterity
MPRegen  0.12/turn              d - +6 ring of dexterity

@: quick
A: very small, no armour, no weapons or thrown items, stealth, claws 1, fangs 3,
see invisible, carnivore, speed 1, shaggy fur 2, slow metabolism 1, sharp paws
a: no special abilities


You were on level 9 of the Dungeon.
You were very full.

You visited 2 branches of the dungeon, and saw 10 of its levels.
You also visited: Sewer.

You collected 444 gold pieces.

Inventory:

Jewellery
 d - a +6 ring of dexterity (right paw)
 i - an uncursed ring of flight
 o - a +4 ring of dexterity (left paw)
 r - a +4 amulet of reflection (around neck)
 u - an uncursed amulet of magic regeneration
Wands
 h - a wand of digging (8)
 s - a wand of scattershot (6)
Scrolls
 c - 5 scrolls of remove curse
 e - a scroll of blinking
 j - 7 scrolls of teleportation
 m - a scroll of fear
 n - a scroll of holy word {unknown}
 q - a scroll of random uselessness {unknown}
 t - a scroll of amnesia {unknown}
 v - a scroll of magic mapping {unknown}
Potions
 b - a potion of brilliance {unknown}
 f - 4 potions of curing
 g - 3 potions of flight
 k - a potion of berserk rage
 l - 2 potions of heal wounds
 p - a potion of invisibility
 w - a potion of degeneration {unknown}
Comestibles
 a - 24 rations


   Skills:
 + Level 6.4 Fighting
 * Level 10.0 Dodging
 + Level 11.3 Stealth
 * Level 8.8 Unarmed Combat


You had 8 spell levels left.
You didn't know any spells.
Your spell library was empty.

Dungeon Overview and Level Annotations

Branches:
Dungeon (9/15)             Temple (1/1) D:4           Sewer (visited)
   Lair: D:8-11         Orc: D:9-12

Altars:
Ashenzari
Cheibriados
Dithmenos
Elyvilon
Fedhas
Gozag
Hepliaklqana
Kikubaaqudgha
Makhleb
Nemelex Xobeh
Okawaru
Qazlal
Ru
Sif Muna
Trog
Uskayaw
Vehumet
Wu Jian
Xom
Yredelemnul
Zin
The Shining One

Shops:
D:7 (

Annotations:
D:7 5 runed translucent doors
D:9 exclusion: electric eel, Gastronok


Innate Abilities, Weirdness & Mutations

You cannot wear armour.
You are incapable of wielding weapons or throwing items.
Your paws allow you to move quietly. (Stealth)
You have sharp claws.
You have razor-sharp teeth.
You have supernaturally acute eyesight. (SInv)
You are carnivorous and can eat meat at any time.
You cover ground quickly.
You are covered in thick fur. (AC +2)
You have a slow metabolism.
Your sharp claws are effective at attacking unaware monsters.


Message History

You claw the water moccasin zombie! x2
The water moccasin zombie is severely damaged.
The water moccasin zombie completely misses you.
You claw the water moccasin zombie!
You destroy the water moccasin zombie!
You claw the orc!
You kill the orc!
You scratch Gastronok.
Gastronok is lightly wounded.
You scratch Gastronok. You claw Gastronok. You bite Gastronok.
Gastronok is lightly wounded.
Gastronok completely misses you.
You claw Gastronok! You bite Gastronok, but do no damage.
Gastronok is lightly wounded.
You scratch Gastronok.
Gastronok is lightly wounded.
Gastronok waves his eye-stalks in wide circles.
The air twists around and strikes you!!!
Ouch! That really hurt!
You die...

... +........#.# ..
#..........#
####.##.......<..#
................... #
######.####..#..#.
##.#######....#..#..#
#..........##.#..# .#
#.......)..# .... .
#......@...# ....
#.....w....# ..
#..........# .
#..........#
#..........#
#..........#
#..........#
#..........#


You could see Gastronok.

Vanquished Creatures
  A troll (D:8)
  A hippogriff (D:7)
  3 yaks (D:8)
  A water moccasin (D:7)
  A phantom (D:4)
  A black bear (D:7)
  An orc warrior (D:7)
  5 ogres
  A sky beast (D:4)
  4 big kobolds
  A bullfrog (D:8)
  A water moccasin zombie (D:9)
  3 scorpions
  6 howler monkeys
  9 wights
  4 crimson imps
  A bullfrog zombie (D:8)
  A centaur zombie (D:5)
  A jelly (D:6)
  An orc priest (D:7)
  An orc wizard (D:4)
  A hound (D:5)
  3 bullfrog skeletons
  Jessica (D:3)
  4 iguanas
  10 worker ants
  A howler monkey zombie (D:8)
  13 adders
  4 river rats
  3 shadow imps
  5 oozes
  2 adder zombies
  8 worms
  6 dart slugs
  2 leopard geckos
  18 orcs
  8 ball pythons
  10 bats
  9 giant cockroaches
  8 goblins
  12 hobgoblins
  20 jackals
  32 kobolds
  A quokka (D:7)
  5 frilled lizards
  A jackal skeleton (D:8)
  A jackal zombie (D:8)
  A leopard gecko zombie (D:5)
  A quokka zombie (D:5)
  15 rats
253 creatures vanquished.

Vanquished Creatures (others)
  2 plants (D:5)
2 creatures vanquished.

Grand Total: 255 creatures vanquished

Notes
Turn   | Place    | Note
-------+----------+-------------------------------------------
     0 | D:1      | Descartes the Felid Monk began the quest for the Orb.
     0 | D:1      | Reached XP level 1. HP: 10/10 MP: 2/2
    14 | D:1      | Reached skill level 3 in Stealth
   186 | D:1      | Reached skill level 4 in Stealth
   186 | D:1      | Reached XP level 2. HP: 14/14 MP: 3/3
  1222 | D:1      | Reached skill level 5 in Stealth
  1222 | D:1      | Reached XP level 3. HP: 17/17 MP: 4/4
  1680 | D:2      | Found a bloodstained altar of Trog.
  1901 | D:2      | Reached XP level 4. HP: 16/21 MP: 5/5
  2487 | D:3      | Noticed Jessica
  2494 | D:3      | Killed Jessica
  2494 | D:3      | Reached skill level 6 in Stealth
  3110 | D:3      | Found a bloodstained altar of Trog.
  3136 | D:3      | Reached XP level 5. HP: 23/24 MP: 6/6
  3999 | D:4      | Found a staircase to the Ecumenical Temple.
  4060 | D:4      | Gained mutation: You are covered in thick fur. (AC +2)
                  | [Felid growth]
  4060 | D:4      | Reached XP level 6. HP: 28/28 MP: 7/7
  4099 | D:4      | Reached skill level 5 in Dodging
  4117 | D:4      | Noticed a sky beast
  4121 | D:4      | Killed a sky beast
  4121 | D:4      | Reached skill level 7 in Stealth
  4740 | D:4      | Mangled by an ogre
  4741 | D:4      | Reached XP level 5. HP: -6/25 MP: 6/6
  4978 | D:4      | Noticed an ogre
  4993 | D:4      | Killed an ogre
  4993 | D:4      | Reached XP level 6. HP: 9/28 MP: 7/7
  5200 | D:4      | Found a blossoming altar of Fedhas.
  5434 | D:4      | Reached skill level 8 in Stealth
  5434 | D:4      | Reached skill level 5 in Unarmed Combat
  5498 | D:5      | Entered Level 5 of the Dungeon
  5573 | D:4      | Reached XP level 7. HP: 10/32 MP: 8/8
  5820 | Temple   | Entered the Ecumenical Temple
  6717 | D:5      | Identified the +4 short sword of Circularity {elec, -Tele
                  | rPois rC++ Str+2}
  7570 | D:5      | Reached skill level 9 in Stealth
  8005 | D:5      | Found a snail-covered altar of Cheibriados.
  8290 | D:6      | Reached XP level 8. HP: 33/36 MP: 9/9
  8306 | D:6      | Found a glowing drain.
  8321 | Sewer    | Entered a sewer
  9356 | Sewer    | Reached skill level 5 in Fighting
  9429 | Sewer    | Reached skill level 10 in Stealth
 10828 | D:7      | Found a runed translucent door.
 10834 | D:7      | Found a runed translucent gate.
 10842 | D:7      | Found a runed translucent gate.
 10842 | D:7      | Found a runed translucent gate.
 11139 | D:7      | Reached XP level 9. HP: 13/40 MP: 10/10
 11156 | D:7      | HP: 1/40 [orc/cursed -3 flail (3)]
 11157 | D:7      | Slain by a bullfrog skeleton
 11158 | D:7      | Reached XP level 8. HP: -3/37 MP: 9/9
 11161 | D:7      | Found Utha's Antique Weapon Shop.
 11247 | D:7      | Noticed a hippogriff
 11261 | D:7      | Killed a hippogriff
 11606 | D:7      | Found a runed translucent door.
 12136 | D:8      | Noticed a troll
 12151 | D:8      | Killed a troll
 12151 | D:8      | Reached skill level 11 in Stealth
 12260 | D:8      | Reached XP level 9. HP: 41/41 MP: 10/10
 12816 | D:8      | Found a white marble altar of Elyvilon.
 12856 | D:8      | Reached skill level 10 in Dodging
 13126 | D:9      | Noticed Gastronok
 13141 | D:9      | Killed from afar by Gastronok

Levels and vault maps discovered:
D:1:      ncdulo_wetmaze, layout_basic
D:2:      layout_basic, first_ration, bloody_trog
D:3:      layout_basic, trog_hazing_becter, uniq_jessica
D:4:      layout_basic, temple_statues, fedhas_altar_fruit_tree
D:5:      kennysheep_kobold_camp, layout_rooms, cheibrodos_worm_habitat
D:6:      layout_loops_ring, cheibrodos_sewer_entry_sluice, st_stairs_9
D:7:      layout_rooms, serial_shops, kennysheep_mini, grunt_ogre_cave,
          minmay_guarded_unrand_staff_of_olgreb
D:8:      layout_loops_cross, overflow_temple_1_default, kennysheep_flooded_box
D:9:      layout_basic, hiddenorc2_lemuel, minmay_shop_mass, uniq_pikel,
          uniq_gastronok
Temple:   roderic_octagonal_lattice_temple

Skill      XL: |  1  2  3  4  5  6  7  8  9 |
---------------+----------------------------+-----
Stealth        | 4 5 6 8 9 11 | 11.3
Unarmed Combat | 4 5 6 8 |  8.8
Dodging        | 5 6 9 10 | 10.0
Fighting       | 4 6 |  6.4

Action                   |  1- 3 |  4- 6 |  7- 9 || total
-------------------------+-------+-------+-------++-------
Melee: Unarmed           |   100 |   212 |   639 ||   951
       Bite              |     6 |    18 |    76 ||   100
       Punch             |       |     3 |    24 ||    27
 Abil: Evoke Flight      |       |       |     1 ||     1
  Use: Potion            |     1 |       |     2 ||     3
       Scroll            |       |     5 |     7 ||    12
 Stab: Sleeping          |    27 |    29 |    23 ||    79
       Distracted        |       |       |     5 ||     5
  Eat: Chunk             |     9 |    13 |    21 ||    43
Armor: Skin              |     5 |     7 |    12 ||    24
Dodge: Dodged            |    64 |   145 |   442 ||   651
Block: Other             |       |       |    68 ||    68
